 Dungeon Crawl Stone Soup version 0.21-a0-79-g04744e2 (webtiles) character file.

119 Gorglomux the Sneak (level 4, 18/18 HPs)
             Began as a Felid Enchanter on June 22, 2017.
             Quit the game on level 4 of the Dungeon.
             The game lasted 00:11:08 (4493 turns).

Gorglomux the Sneak (Felid Enchanter)               Turns: 4493, Time: 00:11:09

Health: 18/18      AC:  1    Str:  4    XL:     4   Next: 74%
Magic:  8/8        EV: 18    Int: 18    God:
Gold:   185        SH:  0    Dex: 16    Spells: 0/7 levels left
                                        Lives:  0   Deaths: 1

rFire    . . .     SeeInvis +     - Unarmed
rCold    . . .     Gourm    .   (shield unavailable)
rNeg     . . .     Faith    .   (armour unavailable)
rPois    .         Spirit   .   (helmet unavailable)
rElec    .         Reflect  .   (cloak unavailable)
rCorr    .         Harm     .   (gloves unavailable)
MR       .....                  (boots unavailable)
Stlth    ++++......             (no amulet)
HPRegen  0.06/turn              (no ring)
MPRegen  0.11/turn              (no ring)

@: quick
A: no armour, no weapons or thrown items, stealth, claws 1, fangs 3, see
invisible, carnivore 3, speed 1, shaggy fur 1, slow metabolism 1, sharp paws
a: no special abilities


You were on level 4 of the Dungeon.
You were not hungry.

You visited 1 branch of the dungeon, and saw 4 of its levels.

You collected 185 gold pieces.

Inventory:

Scrolls
 C - 2 scrolls of remove curse {unknown}
 E - a scroll of enchant armour {unknown}
 H - a scroll of identify {unknown}
 I - 3 scrolls of fear {unknown}
 J - a scroll of enchant weapon {unknown}
 N - a scroll of recharging {unknown}
 O - a scroll of fog {unknown}
 R - a scroll of immolation {unknown}
 S - a scroll of magic mapping {unknown}
Potions
 A - 2 potions of degeneration {unknown}
 B - 2 potions of haste {unknown}
 D - a potion of mutation {unknown}
 G - a potion of ambrosia {unknown}
Books
 a - a book of Maledictions

   Spells                             Type                      Level
   a - Corona                         Hexes                        1
   b - Ensorcelled Hibernation        Hexes/Ice                    2
   c - Confuse                        Hexes                        3
   d - Tukima's Dance                 Hexes                        3
   e - Dazzling Spray                 Conjuration/Hexes            3
 P - a book of Misfortune

   Spells                             Type                      Level
   a - Confusing Touch                Hexes                        1
   b - Confuse                        Hexes                        3
   c - Gell's Gravitas                Translocation                3
   d - Petrify                        Transmutation/Earth          4
   e - Metabolic Englaciation         Hexes/Ice                    5
   f - Yara's Violent Unravelling     Hexes/Transmutation          5
Comestibles
 z - a meat ration
 L - 2 royal jellies


   Skills:
 - Level 2.6 Dodging
 + Level 6.2 Stealth
 + Level 3.6 Unarmed Combat
 - Level 2.0 Spellcasting
 + Level 6.1 Hexes


You couldn't memorise any spells.
You knew the following spells:

 Your Spells              Type           Power        Failure   Level  Hunger
a - Corona                Hex            ###....      1%          1    #......
b - Confusing Touch       Hex            ###...       1%          1    #......
x - Confuse               Hex            ###.....     4%          3    ###....
z - Ensorcelled Hibernat  Hex/Ice        ##....       8%          2    ###....


Dungeon Overview and Level Annotations

Branches:
Dungeon (4/15)
 Temple: D:4-7

Altars:


Innate Abilities, Weirdness & Mutations

You cannot wear armour.
You are incapable of wielding weapons or throwing items.
Your paws allow you to move quietly. (Stealth)
You have sharp claws.
You have razor-sharp teeth.
You have supernaturally acute eyesight. (SInv)
You are carnivorous and can eat meat at any time.
You cover ground quickly.
You are covered in fur. (AC +1)
You have a slow metabolism.
Your sharp claws are effective at attacking unaware monsters.


Message History

The orc misses you. The orc wizard hits you with a dagger.
You scratch the orc wizard but do no damage.
The orc wizard is almost dead.
The orc barely misses you. The orc wizard completely misses you.
You closely miss the orc wizard.
The orc wizard is almost dead.
The orc wizard stops glowing.
The orc closely misses you. The orc wizard misses you.
Items here: ( )) [[ a dagger; a ring mail; a flail; 4 tomahawks; a ring mail The orc wizard points at you and mumbles some strange words.
The magic dart hits you!
* * * LOW HITPOINT WARNING * * *
Casting: Corona
Confirm with . or Enter, or press ? or * to list all spells.
Your paws begin to glow red.
The orc hits you with a dagger.
You die...
You are now level 4!
You rejoin the land of the living...
Are you sure you want to abandon this character and quit the game? (Confirm with "yes".)

### ########
....###......#
.............#
#.@.....#
##......#
#......#
#......#
#......#
#......#
#.#...##
#.#.#.#


There were no monsters in sight!

Vanquished Creatures
  A scorpion (D:3)
  An orc priest (D:4)
  5 adders
  3 worms
  A dart slug (D:3)
  3 leopard geckos
  An orc (D:4)
  8 bats
  3 giant cockroaches
  12 goblins
  7 hobgoblins
  9 jackals (D:1)
  19 kobolds
  A quokka (D:2)
  3 ball pythons
  2 frilled lizards
  7 rats
86 creatures vanquished.

Vanquished Creatures (others)
  An ooze (D:3)
  A bush (D:3)
2 creatures vanquished.

Grand Total: 88 creatures vanquished

Notes
Turn   | Place    | Note
-------+----------+-------------------------------------------
     0 | D:1      | Gorglomux the Felid Enchanter began the quest for the Orb.
     0 | D:1      | Reached XP level 1. HP: 7/7 MP: 4/4
   471 | D:1      | Reached XP level 2. HP: 11/11 MP: 6/6
   641 | D:1      | Learned a level 2 spell: Ensorcelled Hibernation
  1325 | D:1      | Reached XP level 3. HP: 14/14 MP: 7/7
  2343 | D:2      | Reached XP level 4. HP: 18/18 MP: 5/8
  2989 | D:2      | Learned a level 3 spell: Confuse
  3138 | D:3      | Reached skill level 3 in Unarmed Combat
  3138 | D:3      | Reached XP level 5. HP: 21/21 MP: 0/9
  3614 | D:3      | Learned a level 1 spell: Confusing Touch
  4265 | D:3      | Reached skill level 6 in Stealth
  4470 | D:4      | Reached skill level 6 in Hexes
  4492 | D:4      | Slain by an orc
  4493 | D:4      | Reached XP level 4. HP: -2/18 MP: 2/8
  4493 | D:4      | Quit the game

Vault maps used:
D:1:      eino_arrival_tree_alley, kennysheep_crisscross, serial_bayou_lake_a
D:2:      hex_medium
D:3:      first_bread, portal_sewer_entry_d, st_stairs_6,
          lexackson_kobold_supper
D:4:      serial_shops, nicolae_shop_crystal

Skill      XL: |  1  2  3  4  5 |
---------------+----------------+-----
Unarmed Combat | 2 3 |  3.6
Stealth        | 5 6 |  6.2
Hexes          | 5 6 |  6.1
Dodging        | |  2.6
Spellcasting   | |  2.0

Action                   |  1- 3 |  4- 6 || total
-------------------------+-------+-------++-------
Melee: Unarmed           |   140 |   175 ||   315
       Bite              |     7 |    16 ||    23
       Punch             |     1 |     1 ||     2
 Cast: Corona            |     8 |     3 ||    11
       Ensorcelled Hiber |     9 |    27 ||    36
       Confuse           |       |     2 ||     2
       Confusing Touch   |       |     7 ||     7
 Stab: Sleeping          |    17 |    28 ||    45
       Distracted        |       |     1 ||     1
       Confused          |       |     1 ||     1
  Eat: Chunk             |    11 |     6 ||    17
Armor: Skin              |     7 |     2 ||     9
Dodge: Dodged            |   115 |    82 ||   197
